 Dungeon Crawl Stone Soup version 0.29.1-15-g9cfb28693d (webtiles) character file.

Game seed: 11638754220440790684

201 Arctor the Digger (level 5, -1/28 HPs)
             Began as a Gargoyle Earth Elementalist on Feb 24, 2023.
             Slain by a lemure (6 damage)
             ... led by Pikel
             ... on level 3 of the Dungeon.
             The game lasted 00:02:43 (3041 turns).

Arctor the Digger (Gargoyle Earth Elementalist)     Turns: 3041, Time: 00:02:44

Health: -1/28      AC:  6    Str: 11    XL:     5   Next: 79%
Magic:  3/9        EV: 12    Int: 18    God:
Gold:   114        SH:  0    Dex: 10    Spells: 5/9 levels left

rFire   . . .      SeeInvis .   k - +1 dagger (drain)
rCold   . . .      Faith    .   (no shield)
rNeg    + . .      Spirit   .   a - +0 robe
rPois   ∞          Reflect  .   (no helmet)
rElec   +          Harm     .   (no cloak)
rCorr   .          Rampage  .   (no gloves)
Will    .....                   (no boots)
Stlth   ++........              (no amulet)
HPRegen 0.09/turn               (no ring)
MPRegen 0.11/turn               (no ring)

@: about to teleport
A: sickness immunity, AC +4, negative energy resistance 1, electricity
resistance, torment resistance 1, petrification resistance
a: no special abilities


You were on level 3 of the Dungeon.
You visited 1 branch of the dungeon, and saw 4 of its levels.

You collected 114 gold pieces.

Inventory:

Hand Weapons
 k - a +1 dagger of draining (weapon)
Armour
 a - a +0 robe (worn)
Magical Staves
 l - a staff of air
Wands
 i - a wand of quicksilver (6)
Scrolls
 d - a scroll of poison {unknown}
 e - 2 scrolls of identify {unknown}
 f - a scroll of teleportation
 g - 4 scrolls of butterflies {unknown}
 h - a scroll of vulnerability {unknown}
 j - a scroll of amnesia {unknown}
 n - a scroll of blinking {unknown}
Potions
 b - 2 potions of magic
 c - a potion of might {unknown}
 m - a potion of lignification {unknown}
 o - a potion of degeneration {unknown}


   Skills:
 + Level 2.5 Dodging
 + Level 3.6 Stealth
 + Level 2.9 Spellcasting
 + Level 2.0 Transmutations
 + Level 4.6 Earth Magic


You had 5 spell levels left.
You knew the following spells:

 Your Spells              Type           Power      Damage    Failure   Level
a - Sandblast             Erth           38%        2d10      2%          1
b - Stone Arrow           Conj/Erth      20%        3d8       19%         3

Your spell library contained the following spells:

 Spells                   Type           Power      Damage    Failure   Level
 Passwall                 Tmut/Erth      11%        N/A       6%          2
 Slow                     Hex            8%         N/A       17%         1
 Petrify                  Tmut/Erth      14%        N/A       38%         4
 Confusing Touch          Hex            2%         N/A       45%         3
 Vampiric Draining        Necr           2%         2d6       45%         3


Dungeon Overview and Level Annotations

Branches:
Dungeon (4/15)
 Temple: D:4-7

Altars:
Sif Muna
The Shining One

Annotations:
D:4 Pikel


Innate Abilities, Weirdness & Mutations

You are immune to sickness and miasma.
Your stone body is resilient. (AC +4)
You are immune to poison.
You resist negative energy. (rN+)
You are resistant to electric shocks. (rElec)
You are resistant to unholy torment.
You are immune to petrification.


Message History

There is a stone staircase leading down here.
Casting: Sandblast (safe; 2% risk of failure)
Confirm with . or Enter, or press ? or * to list all spells.
The spell is quite dangerous to miscast (19% risk of failure)!
Continue anyway? [Y]es or [N]o only, please.
The spell is quite dangerous to miscast (19% risk of failure)!
Continue anyway?
Aiming: Stone Arrow (quite dangerous; 19% risk of failure)
Press: ? - help, Shift-Dir - straight line, f - lemure
Aim: a lemure (60% to hit)
The stone arrow misses the lemure.
The lemure barely misses you. The lemure hits you.
Unknown command.
Casting: Stone Arrow (quite dangerous; 19% risk of failure)
Confirm with . or Enter, or press ? or * to list all spells.
Aiming: Sandblast (safe; 2% risk of failure)
Press: ? - help, Shift-Dir - straight line, f/p - lemure
Aim: a lemure (77% to hit)
The blast of sand misses the lemure.
The blast of sand hits the lemure.
The lemure is moderately wounded.
The lemure barely misses you. The lemure hits you but does no damage.
Casting: Sandblast (safe; 2% risk of failure)
Confirm with . or Enter, or press ? or * to list all spells.
Aiming: Sandblast (safe; 2% risk of failure)
Press: ? - help, Shift-Dir - straight line, f/p - lemure
Aim: a lemure (77% to hit)
The blast of sand hits the lemure.
The lemure is lightly wounded.
The lemure hits you. x2; The lemure hits you!
The lemure completely misses you.
Casting: Sandblast (safe; 2% risk of failure)
Confirm with . or Enter, or press ? or * to list all spells.
Aiming: Sandblast (safe; 2% risk of failure)
Press: ? - help, Shift-Dir - straight line, f/p - lemure
Aim: a lemure (lightly wounded, 77% to hit)
The blast of sand hits the lemure but does no damage.
The lemure is lightly wounded.
The lemure hits you but does no damage. The lemure hits you.
* * * LOW HITPOINT WARNING * * *
As you read the scroll of teleportation, it crumbles to dust.
You feel strangely unstable. The lemure hits you.
You die...

#### ######## #...
#......# #.##
#.####.# ###.## #.#
#.# #.....
###.####.####.#..#
#5............#.##
#5#......#######.#
#@###.##.# ##.
#5###.##.# #.
#.##..##.# #.
#.##.###.# ##'
#........# ##..
#####.##### ##.≈.
#.........# ##..≈≈
#.###.#...####...≈.
#.###........+.....


You could see 3 lemures.

Vanquished Creatures
  A necrophage (D:3)
  A water moccasin skeleton (D:3)
  A hound skeleton (D:3)
  3 adders
  An adder zombie (D:3)
  An adder skeleton (D:3)
  2 worms (D:2)
  5 endoplasms
  2 giant cockroaches
  3 goblins
  A hobgoblin (D:3)
  5 jackals
  3 quokkas
  7 ball pythons
  6 bats
  A frilled lizard (D:1)
  A kobold (D:3)
  A quokka zombie (D:3)
  2 rats
47 creatures vanquished.

Vanquished Creatures (others)
  A withered plant (D:3)
1 creature vanquished.

Grand Total: 48 creatures vanquished

Notes
Turn   | Place    | Note
-------+----------+-------------------------------------------
     0 | D:1      | Arctor the Gargoyle Earth Elementalist began the quest for
                  | the Orb.
     0 | D:1      | Reached XP level 1. HP: 10/10 MP: 3/3
   160 | D:2      | Reached skill level 1 in Transmutations
   160 | D:2      | Reached XP level 2. HP: 5/15 MP: 0/5
   186 | D:2      | Found a faded altar of an unknown god.
   577 | D:2      | Reached XP level 3. HP: 19/19 MP: 2/6
   702 | D:2      | Reached skill level 4 in Earth Magic
   872 | D:2      | Found a shimmering blue altar of Sif Muna.
  1462 | D:3      | Reached XP level 4. HP: 24/24 MP: 5/7
  2129 | D:3      | Found a glowing golden altar of the Shining One.
  2445 | D:3      | Reached XP level 5. HP: 8/28 MP: 2/9
  3000 | D:3      | Learned a level 3 spell: Stone Arrow
  3031 | D:4      | Noticed Pikel
  3031 | D:4      | Noticed a lemure
  3031 | D:4      | Noticed a lemure
  3031 | D:4      | Noticed a lemure
  3031 | D:4      | Noticed a lemure
  3041 | D:3      | Slain by a lemure

Illustrated notes

Levels and vault maps discovered:
D:1:      elethiomel_arrival_shortcut, layout_rooms
D:2:      layout_loops_ring, ebering_ecumenical_altar_hall, basic_altar,
          minmay_fractal_squares_gapless_5
D:3:      layout_loops_corners, nicolae_tso_carved_into_rock, serial_undead,
          serial_undead_d, serial_undead_a, serial_undead_d, serial_undead_d,
          serial_undead_e, chequers_serial_rivers_small_b,
          kennysheep_cross_bottleneck, minmay_misc_feat_x,
          grunt_decor_one_mirror, grunt_ministairs_2
D:4:      layout_gridville, grunt_dithmenos_smoke_and_mirrors,
          kennysheep_generic_room_7, uniq_pikel

Skill      XL: |  1  2  3  4  5 |
---------------+----------------+-----
Transmutations | 1 2 |  2.0
Earth Magic    | 4 |  4.6
Dodging        | 2 |  2.5
Stealth        | 3 |  3.6
Spellcasting   | |  2.9

Action                   |  1- 3 |  4- 6 || total
-------------------------+-------+-------++-------
Melee: Unarmed           |     8 |     1 ||     9
       Dagger            |       |    20 ||    20
 Cast: Sandblast         |    47 |    34 ||    81
       Stone Arrow       |       |     1 ||     1
  Use: Scroll            |     1 |     1 ||     2
       Potion            |     1 |       ||     1
 Stab: Sleeping          |     2 |     1 ||     3
Armor: Robe              |    29 |    14 ||    43
Dodge: Dodged            |    64 |    38 ||   102
